 Dungeon Crawl Stone Soup version 0.29-a0-857-g9b1aa3ac5b (webtiles) character file.

Game seed: 495421021739280679

4 mathmaestro the Grave Robber (level 1, 0/13 HPs)
             Began as a Demonspawn Necromancer on July 16, 2022.
             Slain by a hobgoblin (4 damage)
             ... on level 1 of the Dungeon.
             The game lasted 00:00:30 (73 turns).

mathmaestro the Grave Robber (Demonspawn Necromancer) Turns: 73, Time: 00:00:30

Health: 0/13       AC:  2    Str:  8    XL:     1   Next: 58%
Magic:  0/3        EV: 12    Int: 16    God:
Gold:   14         SH:  0    Dex: 13    Spells: 3/4 levels left

rFire   . . .      SeeInvis .   c - +0 dagger
rCold   . . .      Faith    .   (no shield)
rNeg    . . .      Spirit   .   a - +0 robe
rPois   .          Reflect  .   (no helmet)
rElec   .          Harm     .   (no cloak)
rCorr   .          Rampage  .   (no gloves)
Will    .....                   (no boots)
Stlth   ++........              (no amulet)
HPRegen 0.04/turn               (no ring)
MPRegen 0.08/turn               (no ring)

@: no status effects
A: no striking features
a: no special abilities


You were on level 1 of the Dungeon.
You visited 1 branch of the dungeon, and saw 1 of its levels.

You collected 14 gold pieces.

Inventory:

Hand Weapons
 c - a +0 dagger (weapon)
Armour
 a - a +0 robe (worn)
Potions
 b - a potion of magic


   Skills:
 + Level 0.2 Fighting
 + Level 1.8 Dodging
 + Level 1.9 Stealth
 + Level 2.0 Spellcasting
 + Level 4.4 Necromancy


You had 3 spell levels left.
You knew the following spells:

 Your Spells              Type           Power      Damage    Failure   Level
a - Necrotise             Necr           60%        1d7       3%          1

Your spell library contained the following spells:

 Spells                   Type           Power      Damage    Failure   Level
 Vampiric Draining        Necr           15%        2d7       10%         3
 Animate Dead             Necr           15%        N/A       32%         4
 Agony                    Necr           15%        N/A       67%         5


Dungeon Overview and Level Annotations

Branches:
Dungeon (1/15)

Altars:


Message History

A jackal comes into view.
The goblin hits your goblin skeleton with a +0 club.
Unknown command.
You swap places.
The goblin hits you with a +0 club. The hobgoblin barely misses you.
You see here a +0 dagger.
c - a +0 dagger Your goblin skeleton hits the hobgoblin but does no damage.
The hobgoblin barely misses you. The goblin hits you with a +0 club.
c - a +0 dagger (weapon)
The jackal bites you.
Your goblin skeleton hits the hobgoblin.
The jackal attacks as you move away! The jackal closely misses you.
The hobgoblin attacks as you move away! The hobgoblin hits you.
The hobgoblin hits your goblin skeleton.
Your goblin skeleton is destroyed!
A jackal and an endoplasm come into view.
Casting: Necrotise (safe; 3% risk of failure)
Confirm with . or Enter, or press ? or * to list all spells.
You don't have enough magic to cast this spell.
Unknown command.
You closely miss the goblin. The goblin hits you with a +0 club.
Casting: Necrotise (safe; 3% risk of failure)
Confirm with . or Enter, or press ? or * to list all spells.
Aiming: Necrotise (safe; 3% risk of failure)
Press: ? - help, Shift-Dir - straight line, f - goblin
Aim: a goblin, wielding a +0 club (chance to affect: 85%)
The goblin writhes in agony.
You kill the goblin!
The dead are walking!
You swap places.
The hobgoblin attacks as you move away! The hobgoblin hits you.
Found a ring mail.
The hobgoblin hits your goblin skeleton.
Your goblin skeleton barely misses the hobgoblin.
The hobgoblin hits your goblin skeleton.
Your goblin skeleton is destroyed!
You start resting.
A hobgoblin is nearby!
The hobgoblin attacks as you move away! The hobgoblin hits you.
You die...

#.#....## ##.......## # #
#.......###....<....##
....#.#w##.....#...........#
#......g.......#####.#####..
....#..#.###.....###...## #
#.###.........#.....#
#.##h#.###.#†....#####....
.J.......h#.##.....# ....#
##.###.##g#@###.....# ..##
#. #.#g# #........ ##
###.##.#h###.#####...
..............# .##
......##..##### # [####.
#..# # #.## #.# #..


You could see a jackal and a hobgoblin.

Vanquished Creatures
  A giant cockroach (D:1)
  2 goblins (D:1)
  A frilled lizard (D:1)
4 creatures vanquished.

Notes
Turn   | Place    | Note
-------+----------+-------------------------------------------
     0 | D:1      | mathmaestro the Demonspawn Necromancer began the quest for
                  | the Orb.
     0 | D:1      | Reached XP level 1. HP: 13/13 MP: 3/3
    73 | D:1      | Slain by a hobgoblin

Illustrated notes

Levels and vault maps discovered:
D:1:      onia_arrival_pyramid, layout_loops_ring,
          shapermc_ecumenical_altar_flowoftime

Action                   || total
-------------------------++-------
Melee: Dagger            ||     1
 Cast: Necrotise         ||     7
Dodge: Dodged            ||     6

Table legend: (Time is in decaauts)
 A = Elapsed time spent in this place.
 B = Non-inter-level travel time spent in this place.
 C = Inter-level travel time spent in this place.
 D = Time resting spent in this place.
 E = Time spent auto-exploring this place.
 F = Levels seen in this place.
 G = Mean time per level.
                   A        B        C        D        E       F      G
               +--------+--------+--------+--------+--------+-----+--------+
         Total |     72 |     72 |      0 |      3 |     36 |   1 |   72.0 |
       Dungeon |     72 |     72 |      0 |      3 |     36 |   1 |   72.0 |
               +--------+--------+--------+--------+--------+-----+--------+

Top non-repeatable levels by time:
     D:1: 72 daAuts
